 Dungeon Crawl Stone Soup version 0.19.4 (webtiles) character file.

17628 Haldmier the Carver (level 12, -5/79 HPs)
             Began as a High Elf Fighter on Feb 3, 2017.
             Was an Elder of Ashenzari.
             Killed from afar by a hell hog (22 damage)
             ... with a fireball
             ... in a volcano.
             The game lasted 01:53:55 (20337 turns).

Haldmier the Carver (High Elf Fighter)             Turns: 20337, Time: 01:53:56

Health: -5/79      AC: 11    Str: 23    XL:     12   Next: 20%
Magic:  17/17      EV: 15    Int: 15    God:    Ashenzari [****..]
Gold:   558        SH: 14    Dex: 20    Spells: 5 memorised, 6 levels left

rFire  . . .     SeeInvis +     T - +9 long sword "Uduemex" {venom, rElec rPois rC+} (curse)
rCold  + . .     Gourm    .     U - +2 troll leather armour (curse)
rNeg   . . .     Faith    .     c - +1 shield (curse)
rPois  +         Spirit   .     (no helmet)
rElec  +         Reflect  .     l - +2 cloak {MR+} (curse)
rCorr  +         Harm     .     p - +0 pair of gloves
MR     ++...     Clarity  +     (no boots)
Stlth  ++........               (no amulet)
                                B - ring of resist corrosion
                                a - ring of Esoigatz {Str+4 Dex+6}

@: no status effects
A: no striking features
a: Curse Item, Scrying, Renounce Religion


You were in a volcano.
You worshipped Ashenzari.
Ashenzari was greatly pleased with you.
You were very hungry.

You visited 3 branches of the dungeon, and saw 15 of its levels.
You also visited: Ossuary and Volcano.

You collected 762 gold pieces.
You spent 204 gold pieces at shops.

Inventory:

Hand Weapons
 T - the cursed +9 long sword "Uduemex" (weapon) {venom, rElec rPois rC+}
   (You bought it in a shop on level 10 of the Dungeon)

   It poisons the flesh of those it strikes.
   It protects you from cold.
   It insulates you from electricity.
   It protects you from poison.
   It has a curse placed upon it.
Missiles
 o - 5 tomahawks (quivered)
 s - 2 throwing nets
 L - 8 exploding tomahawks
Armour
 c - a cursed +1 shield (worn)
 l - a cursed +2 cloak of magic resistance (worn)
 p - a +0 pair of gloves (worn)
 t - a +2 ring mail of cold resistance
 U - a cursed +2 troll leather armour (worn)
Jewellery
 a - the ring of Esoigatz (left hand) {Str+4 Dex+6}
   (You took it off a wight on level 10 of the Dungeon)

   [ring of strength]

   It affects your strength (+4).
   It affects your dexterity (+6).
 w - a +3 ring of evasion
 B - a ring of resist corrosion (right hand)
 G - a cursed ring of ice
Wands
 i - a wand of polymorph (14/24)
 k - a wand of flame (23/48)
 v - a wand of iceblast (9/15)
 y - a wand of iceblast (11/15)
 C - a wand of paralysis (12/24)
 D - a wand of acid (1/15)
 E - a wand of flame (26/48)
 I - a wand of enslavement (16/24)
Scrolls
 g - 2 scrolls of fog
 j - 4 scrolls of remove curse
 m - a scroll of torment {unknown}
 z - 2 scrolls of teleportation
 R - a scroll of fear
Potions
 d - a potion of might
 e - 5 potions of curing
 n - 4 potions of heal wounds
 q - 4 potions of lignification
 u - a potion of haste {unknown}
 x - 2 potions of berserk rage {unknown}
 F - a potion of cancellation
 H - 3 potions of flight
 J - 2 potions of brilliance
 K - 2 potions of resistance {unknown}
 N - 2 potions of agility
 P - a potion of magic {unknown}
Comestibles
 b - 2 fruits
 f - 16 bread rations
 r - 7 slices of pizza
 A - 8 meat rations
 M - 2 chunks of flesh
 Q - 4 beef jerkies


   Skills:
 - Level 6.0 Fighting
 - Level 10.5(13.7) Long Blades
 - Level 5.0 Armour
 - Level 5.0 Dodging
 + Level 9.2(11.4) Shields
 - Level 3.1 Spellcasting
 + Level 10.2 Conjurations
 + Level 3.1 Translocations
 + Level 8.3 Fire Magic


You had 6 spell levels left.
You knew the following spells:

 Your Spells              Type           Power        Failure   Level  Hunger
a - Magic Dart            Conj           ####         1%          1    #......
b - Flame Tongue          Conj/Fire      ####.        1%          1    #......
c - Conjure Flame         Conj/Fire      ####....     2%          3    ###....
d - Sticky Flame          Conj/Fire      ####....     10%         4    #####..
e - Blink                 Tloc           N/A          17%         2    ##.....


Dungeon Overview and Level Annotations

Branches:
Dungeon (11/15)            Temple (0/1) D:7            Lair (3/6) D:11
  Swamp (0/4) Lair:2          Orc (1/2) D:9
  Snake: Lair:2-4    Spider: Lair:2-4

Altars:
Ashenzari
Dithmenos
Elyvilon
Gozag
Makhleb
Trog
Xom
Zin

Shops:
D:7 :%!*   D:10 (

Annotations:
D:7 Hill Giant
D:9 green slimes
D:11 Snorg


Message History

Found six items.
Found a rocky tunnel leading out of this place.
You take 26 damage, and have 53/79 hp.
MASSIVE DAMAGE!!
The hell hog breathes fire at you.
The fireball explodes!
The fireball engulfs you!
You hear a bark!
You take 12 damage, and have 43/79 hp.
A hell hound comes into view.
The hell hog breathes fire at you.
The fireball explodes!
The fireball engulfs you!
* * * LOW HITPOINT WARNING * * *
You take 28 damage, and have 16/79 hp.
MASSIVE DAMAGE!!
The hell hound breathes flames at you. The blast of flame hits you!
* * * LOW HITPOINT WARNING * * *
You take 5 damage, and have 12/79 hp.
There is a rocky tunnel leading out of this place here.
The hell hog breathes fire at you.
The fireball explodes!
The fireball engulfs you!
You die...

### ##≈≈## #≈≈≈≈##
* #≈≈§§§# **
##≈≈≈≈≈## *,≈
#≈≈≈§≈..# * ,,,
##≈≈≈≈..# ,
#≈§§≈@..# * ,
#§§≈≈h.## ** ,
#§§§≈h§.#
##§≈§§..# **
#§≈≈§§## *### ****
##§≈##D###..###.,,
,, ###
##.#...§§.§, *
#.#.§§.§≈§≈ ≈, ##§
##{..§≈§§≈≈§≈ ≈


You could see a hell hog and a hell hound.

Vanquished Creatures
  A hydra (Lair:2)
  4 hill giants
  A manticore (D:11)
  Maurice (D:11)
  5 spiny frogs
  A rime drake (Lair:1)
  A komodo dragon (Lair:1)
  A troll (D:10)
  2 tyrant leeches (Lair:2)
  5 blink frogs (Lair:2)
  3 slime creatures
  Prince Ribbit (D:5)
  3 hippogriffs
  11 yaks
  4 basilisks (Lair:3)
  3 hogs (D:10)
  A human (D:10)
  A hungry ghost (D:11)
  2 swamp worms (Lair:2)
  An orc warrior (D:10)
  2 porcupines (Lair:2)
  5 water moccasins
  3 sky beasts
  An ice beast (D:11)
  3 phantoms
  3 black bears
  4 wolves (Lair:1)
  4 ogres
  A centaur (D:10)
  5 crocodiles
  A big kobold (D:9)
  7 bullfrogs
  A gnoll sergeant (D:8)
  A water moccasin skeleton (D:11)
  3 scorpions
  6 killer bees
  10 wights
  8 howler monkeys
  3 crimson imps
  3 centaur zombies
  A centaur skeleton (D:8)
  5 hounds
  3 orc priests
  4 bullfrog skeletons
  A human zombie (Ossuary)
  4 jellies
  7 orc wizards
  5 iguanas
  11 worker ants
  A big kobold zombie (Ossuary)
  4 mummies (Ossuary)
  A worker ant zombie (D:10)
  9 gnolls
  14 adders
  2 howler monkey skeletons
  4 shadow imps
  An adder zombie (D:6)
  2 worms (D:2)
  2 dart slugs (D:2)
  6 leopard geckos
  34 orcs
  11 bats
  5 giant cockroaches
  5 goblins
  13 hobgoblins
  13 jackals
  6 kobolds
  7 quokkas
  4 frilled lizards
  2 hobgoblin zombies (Ossuary)
  2 jackal skeletons
  2 orc zombies (Ossuary)
  8 rats
  A plant (Lair:1)
326 creatures vanquished.

Vanquished Creatures (others)
  13 fungi (D:11)
  5 plants (D:11)
18 creatures vanquished.

Grand Total: 344 creatures vanquished

Notes
Turn   | Place    | Note
-------+----------+-------------------------------------------
     0 | D:1      | Haldmier the High Elf Fighter began the quest for the Orb.
     0 | D:1      | Reached XP level 1. HP: 16/16 MP: 2/2
   199 | D:1      | Reached XP level 2. HP: 21/21 MP: 3/3
   652 | D:2      | Found a shimmering altar of Xom.
   757 | D:2      | Reached XP level 3. HP: 17/26 MP: 4/4
  1154 | D:2      | Found a white marble altar of Elyvilon.
  1290 | D:2      | Reached skill level 5 in Long Blades
  1510 | D:2      | Found a burning altar of Makhleb.
  1510 | D:2      | Noticed a balrug
  1513 | D:2      | Noticed a smoke demon
  1513 | D:2      | Noticed a ynoxinul
  1617 | D:2      | Reached XP level 4. HP: 16/31 MP: 5/5
  2700 | D:3      | Reached XP level 5. HP: 36/36 MP: 6/6
  2892 | D:4      | Noticed an ogre
  2904 | D:4      | Killed an ogre
  3403 | D:4      | Reached skill level 1 in Dodging
  3556 | D:4      | Found a shattered altar of Ashenzari.
  3559 | D:4      | Became a worshipper of Ashenzari the Shackled
  3623 | D:5      | Entered Level 5 of the Dungeon
  3646 | D:5      | Found a bloodstained altar of Trog.
  3736 | D:5      | Found a sand-covered staircase.
  3743 | Ossuary  | Entered an ossuary
  3870 | Ossuary  | Reached XP level 6. HP: 40/42 MP: 7/7
  4941 | D:5      | Noticed Prince Ribbit
  5382 | D:6      | Noticed a sky beast
  5506 | D:6      | Reached XP level 7. HP: 33/48 MP: 8/8
  5738 | D:6      | Learned a level 1 spell: Magic Dart
  6626 | D:6      | Reached skill level 1 in Conjurations
  7098 | D:5      | Reached * piety under Ashenzari
  8001 | D:4      | HP: 2/49 [something/magic dart (10)]
  8673 | D:5      | Reached XP level 8. HP: 53/54 MP: 9/9
  8842 | D:5      | Killed Prince Ribbit
  9688 | D:7      | Found Hasatuud's Distillery.
 10009 | D:6      | Reached skill level 1 in Spellcasting
 10600 | D:7      | Reached skill level 5 in Fighting
 10711 | D:7      | Found Weifyrol's Assorted Antiques.
 10782 | D:7      | Found Pulieqo's Food Emporium.
 10809 | D:7      | Noticed a hill giant
 11051 | D:7      | Found a staircase to the Ecumenical Temple.
 11057 | D:7      | Found Paodoski's Book Shop.
 11717 | D:8      | Found a shadowy altar of Dithmenos.
 12045 | D:9      | Reached XP level 9. HP: 61/61 MP: 13/13
 12054 | D:9      | Reached ** piety under Ashenzari
 12054 | D:9      | Found a staircase to the Orcish Mines.
 12100 | D:9      | Found an opulent altar of Gozag.
 12166 | D:9      | Found a glowing silver altar of Zin.
 12934 | D:9      | Reached skill level 10 in Long Blades
 13165 | D:8      | Learned a level 3 spell: Conjure Flame
 13348 | D:8      | Reached skill level 1 in Fire Magic
 13508 | D:8      | Reached skill level 5 in Shields
 13708 | D:8      | Reached skill level 5 in Dodging
 13708 | D:8      | Reached skill level 5 in Conjurations
 14257 | D:9      | Reached XP level 10. HP: 68/68 MP: 15/15
 14286 | D:9      | Reached skill level 5 in Armour
 15166 | D:10     | Entered Level 10 of the Dungeon
 15405 | D:10     | Noticed a hill giant
 15633 | Orc:1    | Entered Level 1 of the Orcish Mines
 15636 | Orc:1    | Noticed an orc sorcerer
 16253 | D:10     | Noticed a hill giant
 16261 | D:10     | Killed a hill giant
 16337 | D:10     | Found Nang's Antique Weapon Boutique.
 16381 | D:10     | Bought a polished long sword for 204 gold pieces
 16381 | D:10     | Identified the +9 long sword "Uduemex" {venom, rElec rPois rC+} (You bought it in a shop on level 10 of the Dungeon)
 16405 | D:10     | Learned a level 1 spell: Flame Tongue
 16440 | D:10     | Identified the ring of Esoigatz {Str+4 Dex+6} (You took it off a wight on level 10 of the Dungeon)
 16485 | D:10     | Reached *** piety under Ashenzari
 16533 | D:10     | Reached skill level 5 in Fire Magic
 16612 | D:10     | Noticed a hill giant
 16640 | D:10     | Killed a hill giant
 16656 | D:10     | Reached XP level 11. HP: 62/72 MP: 1/16
 16864 | D:10     | Killed a hill giant
 17127 | D:10     | Learned a level 4 spell: Sticky Flame
 17176 | D:11     | Noticed Maurice
 17188 | D:11     | Killed Maurice
 17532 | D:11     | Noticed an unseen horror
 17532 | D:11     | Noticed a hill giant
 17533 | D:11     | Noticed Snorg
 17577 | D:11     | Killed a hill giant
 17677 | D:11     | Found a staircase to the Lair.
 17717 | Lair:1   | Entered Level 1 of the Lair of Beasts
 17735 | Lair:1   | Learned a level 2 spell: Blink
 19069 | Lair:2   | Noticed a seven-headed hydra
 19092 | Lair:2   | Killed a seven-headed hydra
 19092 | Lair:2   | Reached skill level 1 in Translocations
 19452 | Lair:2   | Reached XP level 12. HP: 79/79 MP: 15/17
 19560 | Lair:2   | Found a staircase to the Swamp.
 19572 | Lair:2   | Reached skill level 10 in Conjurations
 20204 | Lair:3   | Reached **** piety under Ashenzari
 20283 | Lair:3   | Found a dark tunnel.
 20296 | Volcano  | Entered a volcano
 20318 | Volcano  | Noticed a hell hog
 20337 | Volcano  | Killed from afar by a hell hog

Skill      XL: |  1  2  3  4  5  6  7  8  9 10 11 12 |
---------------+-------------------------------------+-----
Long Blades    | 3 4 5 6 7 8 9 10 | 10.5
Dodging        | 1 2 3 5 |  5.0
Armour         | 3 4 5 |  5.0
Shields        | 3 4 5 7 8 9 |  9.2
Fighting       | 4 5 6 |  6.0
Conjurations   | 2 4 5 7 9 10 | 10.2
Spellcasting   | 2 3 |  3.1
Fire Magic     | 1 5 7 8 |  8.3
Translocations | 1 3 |  3.1

Action                   |  1- 3 |  4- 6 |  7- 9 | 10-12 || total
-------------------------+-------+-------+-------+-------++-------
Melee: Long sword        |   128 |   239 |   675 |   526 ||  1568
Throw: Tomahawk          |       |       |     4 |     6 ||    10
 Cast: Magic Dart        |       |       |       |    37 ||    37
       Flame Tongue      |       |       |       |    69 ||    69
       Conjure Flame     |       |       |       |    17 ||    17
       Sticky Flame      |       |       |       |     3 ||     3
Invok: Curse Item        |       |     2 |       |     3 ||     5
Evoke: Wand              |       |       |       |     1 ||     1
  Use: Scroll            |       |       |    19 |     9 ||    28
       Potion            |       |       |     3 |       ||     3
  Eat: Chunk             |     2 |    11 |    29 |    20 ||    62
       Fruit             |       |     2 |       |     2 ||     4
Armor: Scale mail        |    70 |    11 |       |       ||    81
       Ring mail         |       |    42 |   153 |    30 ||   225
       Skin              |       |       |     8 |       ||     8
       Troll leather arm |       |       |       |    43 ||    43
Dodge: Dodged            |    43 |    63 |   223 |   160 ||   489
Block: Shield            |    52 |    81 |   332 |   245 ||   710
       Rpst.: Long sword |    15 |    18 |    69 |    46 ||   148
